Map: Nightshade LE

Players

Tran (MeomaikA) - Winner!

  • Race: Zerg Zerg
  • Spawn Location: 5:00

Acampado (EnDerr)

  • Race: Zerg Zerg
  • Spawn Location: 11:00

Event: SEA Games 2019

VOD

https://www.twitch.tv/videos/517630610?t=06h49m34s

Description

Time

  • Played on: Dec. 6, 2019, 1:50 a.m.
  • Length: 4:45

All games in this series

Show
View Real Time Build Order
Export as new Build Order

Tran Zerg - Winner!

Build Orders: Pool First 

Get SALT Encoding   

  12  0:13  Extractor, Drone  
  12  0:24  Spawning Pool  
  11  0:29  Drone  
  11  0:34  Drone  
  13  0:39  Drone  
  14  0:50  Overlord  
  14  1:11  Zergling x2  
  15  1:12  Metabolic Boost  
  15  1:18  Queen  
  15  1:22  Zergling x2  
  19  1:25  Zergling x2  
  19  1:29  Zergling x2  
  20  1:33  Zergling x2  
  21  1:44  Zergling x2  
  22  2:04  Overlord  
  22  2:12  Hatchery  
  22  2:13  Zergling x2  
  22  2:22  Zergling x2  
  23  2:26  Zergling x6  
  26  2:31  Zergling x2  
  27  2:40  Zergling x2  
  28  2:51  Zergling x2  
  28  3:02  Zergling x2  
  21  3:13  Zergling x2  
  21  3:19  Zergling x4  
  23  3:20  Zergling x2  
  23  3:21  Queen  
  23  3:26  Zergling x2  
  23  3:27  Zergling x2  
  26  3:35  Zergling x4  
  26  3:38  Queen  
  21  3:47  Zergling x2  
  22  3:59  Zergling x4  
  23  4:09  Zergling x2  
  24  4:10  Zergling x2  
  24  4:16  Zergling x2  
  24  4:24  Zergling x2  
Show
View Real Time Build Order
Export as new Build Order

Acampado Zerg 

Build Orders: Pool First 

Get SALT Encoding   

  12  0:02  Drone  
  13  0:12  Overlord  
  13  0:17  Drone  
  14  0:31  Drone x2  
  14  0:35  Drone  
  17  0:37  Extractor  
  16  0:47  Spawning Pool  
  15  0:51  Drone  
  16  0:58  Drone  
  17  1:10  Drone  
  18  1:24  Hatchery  
  17  1:34  Zergling x4  
  19  1:40  Metabolic Boost  
  19  1:46  Queen  
  21  1:54  Overlord  
  21  2:01  Drone  
  22  2:09  Baneling Nest  
  22  2:15  Zergling x4  
  23  2:25  Queen  
  25  2:35  Overlord  
  25  2:37  Zergling x4  
  27  2:45  Zergling x2  
  27  2:48  Zergling x2  
  29  2:53  Baneling x2  
  29  2:54  Baneling x2  
  26  2:58  Zergling x4  
  16  3:21  Zergling x2  
  17  3:33  Zergling x4  
  15  3:43  Zergling x2  
  15  3:47  Baneling  
  16  3:51  Zergling x2  
  17  3:56  Zergling x2  
  17  4:04  Zergling x2  
  18  4:10  Zergling x2  
  18  4:18  Zergling x2  
  18  4:19  Zergling x2  
  20  4:24  Baneling  
  20  4:27  Baneling  
Tags
 
Add a new tag
Caveats
  • Supply blocks, unpowered buildings, or Contaminate may cause inaccurate times.
  • Supply counts are checked every 10 seconds.